 Dungeon Crawl Stone Soup version 0.31.0-32-g396128a36d (webtiles) character file.

Game seed: 3197296299160848911

12595 Doomgape the Basher (level 11, -4/63 HPs)
             Began as a Gargoyle Fighter on Apr 1, 2024.
             Was an Elder of Hepliaklqana.
             Killed from afar by a frost giant (24 damage)
             ... with a bolt of cold
             ... on level 11 of the Dungeon.
             The game lasted 00:34:16 (9774 turns).

Doomgape the Basher (Gargoyle Fighter)              Turns: 9774, Time: 00:34:16

Health: -4/63      AC: 37    Str: 25    XL:     11   Next: 95%
Magic:  17/17      EV:  9    Int:  8    God:    Hepliaklqana [****..]
Gold:   506        SH: 15    Dex:  9    Spells: 10/10 levels left

rFire   . . .        a - +3 flail (protect)
rCold   + . .        j - +0 kite shield
rNeg    + + .        A - +7 Kryia's mail coat {PotionHeal*2 rC+}
rPois   ∞            y - +2 helmet
rElec   +            i - +2 cloak
rCorr   .            (no gloves)
SInv    +            (no boots)
Will    .....        B - amulet of reflection Stlth
                     m - ring of see invisible
HPRegen 0.30/turn    q - ring of positive energy
MPRegen 0.15/turn

%: reflection
@: mighty, under a protective aura
A: reduced essence, sickness immunity, AC +8, negative energy resistance 1,
electricity resistance, torment resistance 1, petrification resistance
a: Renounce Religion, Recall Ancestor, Ancestor Identity, Transference, Idealise


You were on level 11 of the Dungeon.
You worshipped Hepliaklqana.
Hepliaklqana was greatly pleased with you.
You visited 2 branches of the dungeon, and saw 12 of its levels.

You collected 506 gold pieces.

Inventory:

Hand Weapons
 a - a +3 flail of protection (weapon)
 r - a +0 morningstar
Missiles
 b - 2 throwing nets (quivered)
Armour
 i - a +2 cloak (worn)
 j - a +0 kite shield (worn)
 y - a +2 helmet (worn)
 A - the +7 Kryia's mail coat (worn) {PotionHeal*2 rC+}
   (You found it on level 8 of the Dungeon)

   PotionHeal*2: Potions heal its wearer twice as much.
   rC+:       It protects you from cold.
Jewellery
 l - a ring of fire
 m - a ring of see invisible (left hand)
 q - a ring of positive energy (right hand)
 B - an amulet of reflection (around neck)
 I - a +6 ring of intelligence
Wands
 h - a wand of iceblast (8)
 n - a wand of flame (44)
 o - a wand of mindburst (20)
 H - a wand of quicksilver (5)
Scrolls
 c - 2 scrolls of vulnerability
 e - a scroll of revelation
 t - 2 scrolls of identify
 w - 3 scrolls of immolation
 x - 6 scrolls of enchant armour
 D - 3 scrolls of noise
 J - a scroll of enchant weapon
Potions
 f - 2 potions of lignification
 g - 4 potions of curing
 k - a potion of berserk rage {unknown}
 p - a potion of resistance {unknown}
 s - 2 potions of invisibility {unknown}
 u - 3 potions of magic {unknown}
 v - a potion of mutation {unknown}
 z - 4 potions of heal wounds
 C - 5 potions of ambrosia
 E - 2 potions of enlightenment {unknown}
 F - a potion of haste {unknown}
Miscellaneous
 G - a phantom mirror


   Skills:
 - Level 9.2 Fighting
 + Level 11.1 Maces & Flails
 - Level 9.1 Armour
 + Level 9.1 Shields
 + Level 8.2 Invocations


You had 10 spell levels left.
You didn't know any spells.
Your spell library contained the following spells:

 Spells                   Type           Power      Damage    Failure   Level
 Slow                     Hex            0%         N/A       85%         1
 Confusing Touch          Hex            0%         N/A       99%         3
 Sigil of Binding         Hex            0%         N/A       99%         3
 Stone Arrow              Conj/Erth      0%         3d7       99%         3
 Vampiric Draining        Necr           0%         2d6       99%         3
 Animate Armour           Summ/Erth      0%         N/A       100%        4
 Brom's Barrelling Bould  Conj/Erth      0%         2d3       100%        4
 Summon Lightning Spire   Summ/Air       0%         N/A       100%        4
 Fireball                 Conj/Fire      0%         3d3       100%        5
 Iskenderun's Battlesphe  Conj           0%         2d6       100%        5
 Lee's Rapid Deconstruct  Erth           0%         3d4*      100%        5
 Conjure Ball Lightning   Conj/Air       0%         3x3d6     100%        6
 Orb of Destruction       Conj           0%         9d5       100%        7
 Lehudib's Crystal Spear  Conj/Erth      0%         10d2      100%        8


Dungeon Overview and Level Annotations

Branches:
Dungeon (11/15)            Temple (1/1) D:4            Lair (0/5) D:8
    Orc (0/2) D:11

Altars:
Ashenzari
Cheibriados
Dithmenos
Elyvilon
Fedhas
Gozag
Hepliaklqana
Kikubaaqudgha
Makhleb
Nemelex Xobeh
Okawaru
Qazlal
Ru
Sif Muna
Trog
Uskayaw
Wu Jian
Xom
Yredelemnul
Zin
The Shining One

Annotations:
D:10 3 runed translucent doors, Tizio's ghost, journeyman MiFi
D:11 cfcfcfcfcf's ghost, journeyman MiFi


Innate Abilities, Weirdness & Mutations

Your life essence is reduced to manifest your ancestor. (-10% HP)
You are immune to sickness and miasma.
Your stone body is resilient. (AC +8)
You are immune to poison.
You resist negative energy. (rN+)
You are resistant to electric shocks. (rElec)
You are resistant to unholy torment.
You are immune to petrification.


Message History

Cfcfcfcfcf's ghost is moderately damaged.
Cfcfcfcfcf's ghost hits you.
You closely miss cfcfcfcfcf's ghost.
Cfcfcfcfcf's ghost is moderately damaged.
You block cfcfcfcfcf's ghost's attack.
You barely miss cfcfcfcfcf's ghost.
Cfcfcfcfcf's ghost is moderately damaged.
Cfcfcfcfcf's ghost hits you.
Unknown command.
You sock cfcfcfcfcf's ghost!
Cfcfcfcfcf's ghost is moderately damaged.
Unknown command.
You bludgeon the frost giant!!
The frost giant is moderately wounded.
Unknown command.
You sock the frost giant!
The frost giant is moderately wounded.
The frost giant points at you and mumbles some strange words.
The bolt of cold hits you but does no damage.
You resist.
Cfcfcfcfcf's ghost shrieks, "You must not succeed where I failed!"
Unknown command.
You sock the frost giant!
The frost giant is heavily wounded.
The frost giant casts a spell at you. The bolt of cold hits you. You resist.
Unknown command.
You thump the frost giant!
The frost giant is severely wounded.
You block the frost giant's attack.
Unknown command.
You hit the frost giant.
The frost giant is severely wounded.
The frost giant hits you but does no damage.
Unknown command.
You bludgeon the frost giant!!
The frost giant is almost dead.
The frost giant gestures at you while chanting.
The bolt of cold hits you!! You resist.
You die...

##########
#@CW.....# ##
###......# #.
###########
§§#......# #.
#[.....##>#
§§'......# ###.
###......#..#
§C#......# #...
##........#.##
###......# ##.#.
...#......#.#
#........# ##..#.
####......#.#
#........####..##.
#........#
#.............###.


You could see a frost giant and cfcfcfcfcf's ghost.

Vanquished Creatures
  A two-headed ogre (D:9)
  Sonja (D:10)
  A hornet (D:11)
  5 yaks (D:10)
  4 wraiths (D:10)
  3 vampire mosquitoes
  Menkaure (D:4)
  3 acid dragons
  A water moccasin (D:6)
  A sky beast (D:8)
  2 ogres
  4 centaurs
  3 phantoms (D:5)
  2 bullfrogs
  19 killer bees
  6 bombardier beetles
  6 howler monkeys
  2 hounds
  2 orc priests
  Crazy Yiuf (D:3)
  2 jellies
  A sleepcap (D:5)
  Jessica (D:3)
  3 iguanas
  7 orc wizards
  Ijyb (D:3)
  2 gnolls (D:10)
  6 adders
  2 shadow imps
  A white imp (D:7)
  A ribbon worm (D:2)
  26 orcs
  8 ball pythons
  5 bats
  9 endoplasms
  3 giant cockroaches
  12 goblins
  4 hobgoblins
  12 jackals
  16 kobolds
  2 quokkas
  2 frilled lizards
  4 rats
198 creatures vanquished.

Vanquished Creatures (collateral kills)
  Josephine (D:10)
  A two-headed ogre (D:8)
  A boulder beetle (D:11)
  Maurice (D:9)
  An ugly thing (D:11)
  A queen bee (D:11)
  A shadow (D:11)
  A wyvern (D:10)
  5 yaks (D:10)
  3 vampire mosquitoes
  2 steam dragons (D:8)
  An acid dragon (D:10)
  3 orc warriors
  3 centaurs
  A kobold brigand (D:10)
  2 bullfrogs
  A gnoll sergeant (D:10)
  13 killer bees
  A hound (D:6)
  3 orc priests
  An iguana (D:6)
  5 orc wizards
  2 gnolls (D:10)
  An adder (D:6)
  A white imp (D:7)
  18 orcs
  2 quokkas (D:5)
  3 kobolds (D:10)
79 creatures vanquished.

Vanquished Creatures (others)
  3 battlemagi
3 creatures vanquished.

Grand Total: 280 creatures vanquished

Notes
Turn   | Place    | Note
-------+----------+-------------------------------------------
     0 | D:1      | Doomgape the Gargoyle Fighter began the quest for the Orb.
     0 | D:1      | Reached XP level 1. HP: 14/14 MP: 1/1
    83 | D:1      | Reached XP level 2. HP: 19/19 MP: 2/2
   301 | D:1      | Reached XP level 3. HP: 24/24 MP: 3/3
   781 | D:2      | Found a shadowy altar of Dithmenos.
  1149 | D:2      | Reached XP level 4. HP: 29/29 MP: 4/4
  1455 | D:3      | Noticed Jessica
  1458 | D:3      | Killed Jessica
  1459 | D:3      | Reached skill level 3 in Maces & Flails
  1807 | D:3      | Found a glowing silver altar of Zin.
  1902 | D:3      | Reached XP level 5. HP: 34/34 MP: 5/5
  1952 | D:3      | Noticed Ijyb
  1977 | D:3      | Killed Ijyb
  2304 | D:3      | Found a runed translucent door.
  2305 | D:3      | Noticed Crazy Yiuf
  2328 | D:3      | Killed Crazy Yiuf
  3062 | D:4      | Reached XP level 6. HP: 35/40 MP: 6/6
  3103 | D:4      | Noticed Menkaure
  3198 | D:4      | Reached skill level 5 in Fighting
  3198 | D:4      | Reached skill level 5 in Armour
  3229 | D:4      | Reached skill level 4 in Maces & Flails
  3237 | D:4      | Killed Menkaure
  3238 | D:4      | Reached XP level 7. HP: 10/44 MP: 7/7
  3382 | D:4      | Found a hazy altar of Hepliaklqana.
  3422 | D:4      | Found a staircase to the Ecumenical Temple.
  3448 | Temple   | Entered the Ecumenical Temple
  3606 | D:4      | Became a worshipper of Hepliaklqana the Forgotten
  3771 | D:5      | Entered Level 5 of the Dungeon
  3961 | D:5      | Reached skill level 5 in Maces & Flails
  4099 | D:5      | Found a shimmering altar of Xom.
  4194 | D:5      | Reached XP level 8. HP: 52/52 MP: 8/8
  4196 | D:5      | Reached * piety under Hepliaklqana
  4866 | D:6      | Reached skill level 6 in Maces & Flails
  5212 | D:6      | Reached ** piety under Hepliaklqana
  5218 | D:6      | Remembered your ancestor Asya as a battlemage
  5231 | D:6      | Found a glowing golden altar of the Shining One.
  5237 | D:6      | Found a sparkling altar of Nemelex Xobeh.
  5465 | D:7      | Reached XP level 9. HP: 50/53 MP: 9/9
  5502 | D:7      | Found a bloodstained altar of Trog.
  6403 | D:8      | Noticed a two-headed ogre
  6404 | D:8      | Found the +7 Kryia's mail coat {PotionHeal*2 rC+}
  6410 | D:8      | Killed a two-headed ogre
  6411 | D:8      | Reached skill level 7 in Maces & Flails
  6621 | D:8      | Reached *** piety under Hepliaklqana
  6646 | D:8      | Reached skill level 8 in Maces & Flails
  6744 | D:8      | Found a shadowy altar of Dithmenos.
  6855 | D:8      | Reached skill level 1 in Invocations
  6888 | D:8      | Found a staircase to the Lair.
  6974 | D:8      | Reached XP level 10. HP: 42/59 MP: 9/11
  7323 | D:9      | Identified the +8 flail of the Doomed Warrior {freeze,
                  | *Noise rPois Int+3 Dex+7}
  7429 | D:9      | Noticed Maurice
  7436 | D:9      | Killed Maurice
  7512 | D:9      | Noticed a two-headed ogre
  7521 | D:9      | Killed a two-headed ogre
  7522 | D:9      | Reached skill level 5 in Shields
  7684 | D:9      | Reached skill level 9 in Maces & Flails
  7738 | D:9      | Reached **** piety under Hepliaklqana
  7985 | D:10     | Entered Level 10 of the Dungeon
  8055 | D:10     | Found a runed translucent gate.
  8055 | D:10     | Found a runed translucent gate.
  8055 | D:10     | Found a runed translucent gate.
  8056 | D:10     | Noticed a kobold demonologist
  8067 | D:10     | Noticed a kobold demonologist
  8068 | D:10     | Noticed Tizio's ghost (journeyman MiFi)
  8068 | D:10     | Noticed a kobold demonologist
  8274 | D:10     | Reached skill level 5 in Invocations
  8425 | D:10     | Noticed Sonja
  8434 | D:10     | Killed Sonja
  8504 | D:10     | Reached XP level 11. HP: 63/63 MP: 15/15
  8580 | D:10     | Reached skill level 10 in Maces & Flails
  8654 | D:10     | Noticed Josephine
  8670 | D:10     | Killed Josephine
  8876 | D:11     | Noticed a red ugly thing
  8882 | D:11     | Killed a red ugly thing
  9325 | D:11     | Noticed a boulder beetle
  9327 | D:11     | Reached skill level 11 in Maces & Flails
  9329 | D:11     | Found a staircase to the Orcish Mines.
  9343 | D:11     | Killed a boulder beetle
  9381 | D:11     | Found a runed translucent door.
  9384 | D:11     | Noticed cfcfcfcfcf's ghost (journeyman MiFi)
  9384 | D:11     | Noticed a frost giant
  9590 | D:11     | Identified the +2 leather armour "Qeibboups" {rPois Str+5
                  | Dex+3}
  9774 | D:11     | Killed from afar by a frost giant

Illustrated notes

Levels and vault maps discovered:
D:1:      amcnicky_arrival_underground_garden, layout_rooms,
          hangedman_decor_lopped, hangedman_decor_peaks_small
D:2:      layout_basic, basic_altar
D:3:      kennysheep_goblin_castle, layout_basic,
          nicolae_overflow_hidden_temple, overflow_temple_1_default,
          serial_aquarium, aquarium_bridge_square [aquarium_subvault_wall,
          aquarium_subvault_window, aquarium_subvault_balcony,
          aquarium_subvault_bridge], aquarium_window_1, aquarium_window_corner,
          aquarium_view_2f, aquarium_pool_corner, chequers_jeans,
          uniq_crazy_yiuf_cottage, uniq_natasha, uniq_jessica
D:4:      layout_rooms, mainiacjoe_overflow_tiny_flanked,
          minmay_temple_entry_purple_smoke, uniq_menkaure
D:5:      layout_gridville, kennysheep_mini_moat
D:6:      layout_gridville, grunt_temple_overflow_open
D:7:      layout_basic, trog_three_pillars_becter
D:8:      layout_loops_cross, mainiacjoe_overflow_24_doors, lair_entry_dummy
D:9:      layout_basic, uniq_maurice
D:10:     layout_irregular_city, gammafunk_ghost_nasty_kobolds, uniq_josephine,
          uniq_sonja
D:11:     layout_roguey [special_room_bee], david_orc_2,
          ebering_ghost_inner_flame
Temple:   eino_temple_lava

Skill      XL: |  1  2  3  4  5  6  7  8  9 10 11 |
---------------+----------------------------------+-----
Fighting       | 4 5 6 7 9 |  9.2
Armour         | 4 5 6 7 9 |  9.1
Maces & Flails | 3 4 5 6 8 9 11 | 11.1
Invocations    | 1 5 8 |  8.2
Shields        | 4 6 9 |  9.1

Action                     |  1- 3 |  4- 6 |  7- 9 | 10-12 || total
---------------------------+-------+-------+-------+-------++-------
  Melee: Flail             |   128 |   112 |   237 |   303 ||   780
         Mace              |       |    63 |    22 |       ||    85
 Invoke: Ancestor Life: Ba |       |       |     1 |       ||     1
         Ancestor Identity |       |       |     1 |       ||     1
  Evoke: Wand              |       |       |       |     3 ||     3
    Use: Scroll            |       |     5 |     3 |     6 ||    14
         Potion            |       |     2 |       |     2 ||     4
 Armour: Scale mail        |    93 |    72 |    56 |   258 ||   479
         Plate armour      |       |    99 |   192 |       ||   291
         Skin              |       |       |       |     2 ||     2
  Dodge: Dodged            |    72 |    85 |    89 |   120 ||   366
  Block: Buckler           |    30 |    44 |    45 |       ||   119
         Kite shield       |       |       |    45 |   350 ||   395
         Reflection        |       |       |     4 |    17 ||    21
